 Dungeon Crawl Stone Soup version 0.31-a0-840-g6d2ecbb638 (webtiles) character file.

Game seed: 510960942258639184

1938 Nedwor the Cutter (level 8, -11/63 HPs)
             Began as a Demonspawn Gladiator on Sept 26, 2023.
             Was an Initiate of Uskayaw.
             Mangled by an ogre
             ... wielding a +0 giant club
              (18 damage)
             ... on level 7 of the Dungeon on Sept 27, 2023.
             The game lasted 00:08:37 (5565 turns).

Nedwor the Cutter (Demonspawn Gladiator)            Turns: 5565, Time: 00:08:38

Health: -11/63     AC: 13    Str: 18    XL:     8   Next: 97%
Magic:  8/8        EV: 10    Int:  9    God:    Uskayaw [......]
Gold:   241        SH:  0    Dex: 14    Spells: 7/7 levels left

rFire   . . .        v - +8 trident of the Octopus King {venom, rElec rPois}
rCold   . . .        (no shield)
rNeg    + . .        j - +1 chain mail
rPois   +            s - +0 helmet
rElec   +            i - +0 cloak
rCorr   +            (no gloves)
SInv    .            (no boots)
Will    .....        (no amulet) Stlth
                     o - ring of resist corrosion
HPRegen 0.30/turn    q - ring of positive energy
MPRegen 0.11/turn

%: no passive effects
@: lethally poisoned (-11 -> -14), slowed, studying Long Blades, very slow
A: powered by death 1, weakness stinger 1
a: Renounce Religion


You were on level 7 of the Dungeon.
You worshipped Uskayaw.
Uskayaw was noncommittal.
You visited 2 branches of the dungeon, and saw 8 of its levels.

You collected 241 gold pieces.

Inventory:

Hand Weapons
 v - the +8 trident of the Octopus King (weapon) {venom, rElec rPois}
   (You found it on level 4 of the Dungeon)

   rElec:     It insulates you from electricity.
   rPois:     It protects you from poison
Missiles
 d - 3 throwing nets
Armour
 i - a +0 cloak (worn)
 j - a +1 chain mail (worn)
 s - a +0 helmet (worn)
Jewellery
 a - an amulet of magic regeneration
 b - a ring of wizardry
 o - a ring of resist corrosion (left hand)
 q - a ring of positive energy (right hand)
 x - a ring of positive energy
Scrolls
 h - 2 scrolls of enchant weapon
 k - a scroll of poison
 u - a scroll of enchant armour
Potions
 f - a potion of heal wounds
 g - a potion of lignification {unknown}
 l - 2 potions of curing
 m - 3 potions of mutation
 n - a potion of brilliance {unknown}
 p - a potion of might {unknown}
 r - a potion of enlightenment {unknown}
 t - a potion of resistance {unknown}
 w - 2 potions of ambrosia {unknown}


   Skills:
 + Level 5.5 Fighting
 * Level 7.3 Short Blades
 - Level 1.7 Throwing
 + Level 4.5 Armour
 + Level 5.4 Dodging


You had 7 spell levels left.
You didn't know any spells.
Your spell library contained the following spells:

 Spells                   Type           Power      Damage    Failure   Level
 Summon Small Mammal      Summ           0%         N/A       98%         1
 Call Canine Familiar     Summ           0%         N/A       100%        3
 Dazzling Flash           Conj/Hex       0%         N/A       100%        3
 Summon Guardian Golem    Hex/Summ       0%         N/A       100%        3
 Volatile Blastmotes      Fire/Tloc      0%         2d10      100%        3
 Starburst                Conj/Fire      0%         6d3       100%        6
 Maxwell's Capacitive Co  Air            0%         ∞         100%        8


Dungeon Overview and Level Annotations

Branches:
Dungeon (7/15)             Temple (1/1) D:6

Altars:
Ashenzari
Cheibriados
Dithmenos
Hepliaklqana
Kikubaaqudgha
Okawaru
Qazlal
Ru
Trog
Uskayaw
Vehumet
Wu Jian
Yredelemnul

Shops:
D:3 (


Innate Abilities, Weirdness & Mutations

You regenerate a little health from kills.
You have a small tail.


Message History

The hornet barely misses you.
You barely miss the hornet. The hornet stings you!
You hit the hornet.
The hornet is poisoned.
The hornet is lightly wounded.
The hornet stings you but does no damage.
The hornet barely misses you.
You closely miss the hornet.
Your tail-slap misses the hornet.
The hornet is lightly wounded.
The hornet stings you.
You feel yourself slow down. The hornet stings you.
You feel as though you will be slow longer.
You barely miss the hornet.
Your tail-slap misses the hornet.
The hornet is lightly wounded.
The hornet stings you! x2
You are poisoned.
The ogre barely misses you. The hornet stings you.
You are too injured to fight recklessly!
You are too injured to fight recklessly!
You are too injured to fight recklessly!
You are too injured to fight recklessly!
You are too injured to fight recklessly!
You are too injured to fight recklessly!
You are too injured to fight recklessly!
You are too injured to fight recklessly!
You are too injured to fight recklessly!
You hit the hornet.
Your tail-slap misses the hornet.
The hornet is heavily wounded.
You feel very sick. The hornet closely misses you.
The hornet stings you but does no damage.
The ogre closely misses you.
The hornet stings you but does no damage.
You completely miss the hornet.
The hornet is severely wounded.
You feel sick. The hornet stings you.
* * * LOW HITPOINT WARNING * * *
The ogre closely misses you. The hornet stings you!
* * * LOW HITPOINT WARNING * * *
The hornet stings you but does no damage.
The ogre hits you with a +0 giant club!!
You die...

##........##..(.
#.............#
#............#
.........<.#
##......##
##....###
#....##
#####....#
.......@.#
......Oy..#
####..[...#
##....## .....#
......( ........
..........


You could see a hornet (poisoned) and an ogre.

Vanquished Creatures
  Pikel (D:6)
  Prince Ribbit (D:6)
  A yak (D:5)
  Edmund (D:6)
  A water moccasin (D:5)
  An ice beast (D:5)
  An ogre (D:5)
  A phantom (D:4)
  2 gnoll sergeants
  2 howler monkeys (D:6)
  4 hounds
  A jelly (D:5)
  2 orc priests
  5 iguanas
  7 gnolls (D:6)
  7 adders
  4 ufetubi
  5 worms
  3 dart slugs
  11 orcs
  4 ball pythons
  3 endoplasms (D:2)
  3 giant cockroaches
  6 goblins
  2 hobgoblins
  2 quokkas (D:1)
  4 bats
  2 frilled lizards (D:1)
  4 kobolds
  7 rats
98 creatures vanquished.

Notes
Turn   | Place    | Note
-------+----------+-------------------------------------------
     0 | D:1      | Nedwor the Demonspawn Gladiator began the quest for the
                  | Orb.
     0 | D:1      | Reached XP level 1. HP: 16/16 MP: 1/1
   130 | D:1      | Gained mutation: You have a small tail. [demonic ancestry]
   130 | D:1      | Reached XP level 2. HP: 22/22 MP: 2/2
   305 | D:1      | Reached skill level 3 in Short Blades
   628 | D:1      | You fall into a shaft and drop 1 floor!
   907 | D:2      | Reached XP level 3. HP: 27/28 MP: 3/3
  1096 | D:2      | Reached skill level 1 in Armour
  1691 | D:3      | Found a transporter.
  1693 | D:3      | Found Vej Wuah's Antique Weapon Shop.
  1751 | D:3      | Reached XP level 4. HP: 34/34 MP: 4/4
  1934 | D:3      | Found a transporter.
  2267 | D:4      | Found the +8 trident of the Octopus King {venom, rElec
                  | rPois}
  2280 | D:4      | Noticed a phantom
  2291 | D:4      | Killed a phantom
  2292 | D:4      | Reached XP level 5. HP: 40/40 MP: 5/5
  2368 | D:4      | Reached skill level 4 in Short Blades
  3102 | D:5      | Entered Level 5 of the Dungeon
  3163 | D:5      | Reached XP level 6. HP: 47/47 MP: 6/6
  3198 | D:5      | Noticed a water moccasin
  3205 | D:5      | Killed a water moccasin
  3518 | D:5      | Reached skill level 5 in Short Blades
  3522 | D:5      | Gained mutation: You regenerate a little health from kills.
                  | [demonic ancestry]
  3522 | D:5      | Reached XP level 7. HP: 53/53 MP: 7/7
  3666 | D:5      | Noticed a yak
  3672 | D:5      | Killed a yak
  3786 | D:5      | Found a stormy altar of Qazlal.
  3882 | D:5      | Reached skill level 6 in Short Blades
  4027 | D:6      | Reached XP level 8. HP: 61/61 MP: 8/8
  4314 | D:6      | Noticed Edmund
  4321 | D:6      | Killed Edmund
  4772 | D:6      | Noticed Prince Ribbit
  4777 | D:6      | Killed Prince Ribbit
  4880 | D:6      | Reached skill level 5 in Fighting
  4880 | D:6      | Reached skill level 5 in Dodging
  4928 | D:6      | Found a snail-covered altar of Cheibriados.
  5334 | D:6      | Noticed Pikel
  5344 | D:6      | Killed Pikel
  5345 | D:6      | Reached skill level 7 in Short Blades
  5349 | D:6      | Upgraded the game from 0.31-a0-835-g2a3a5bc3be to
                  | 0.31-a0-840-g6d2ecbb638
  5488 | D:6      | Found a staircase to the Ecumenical Temple.
  5498 | Temple   | Entered the Ecumenical Temple
  5511 | Temple   | Became a worshipper of Uskayaw the Reveller
  5557 | D:7      | Noticed a hornet
  5565 | D:7      | Mangled by an ogre

Illustrated notes

Levels and vault maps discovered:
D:1:      spicycebolla_arrival_xxxplode, layout_loops_cross,
          corexii_corridor_pit, hex_large
D:2:      layout_rooms, kennysheep_generic_room_5
D:3:      layout_basic, serial_shops, nicolae_shop_drivethru
D:4:      layout_loops_cross, nicolae_elevator_lobby_asterisk
D:5:      layout_gridville, nicolae_overflow_squiral, st_stairs_3,
          minmay_manual_monstrance
D:6:      layout_loops_corners, kennysheep_mini, lemuel_temple_firewalk_b,
          serial_park_tiny_1, uniq_prince_ribbit1, uniq_pikel, uniq_edmund
D:7:      layout_layer_cave
Temple:   compressed_dpeg_triangle_lava_temple

Skill      XL: |  1  2  3  4  5  6  7  8 |
---------------+-------------------------+-----
Short Blades   | 3 4 5 6 7 |  7.3
Dodging        | 3 4 5 |  5.4
Armour         | 1 2 3 4 |  4.5
Fighting       | 3 4 5 |  5.5
Throwing       | |  1.7

Action                     |  1- 3 |  4- 6 |  7- 9 || total
---------------------------+-------+-------+-------++-------
  Melee: Rapier            |   122 |    29 |       ||   151
         Punch             |     1 |       |       ||     1
         Tailslap          |     8 |     8 |     3 ||    19
         Trident           |       |    55 |    88 ||   143
  Throw: Javelin           |       |       |     1 ||     1
    Use: Scroll            |     6 |     5 |     3 ||    14
 Armour: Leather armour    |    26 |       |       ||    26
         Chain mail        |    52 |    89 |    71 ||   212
  Dodge: Dodged            |    63 |    39 |    34 ||   136

Table legend: (Time is in decaauts)
 A = Elapsed time spent in this place.
 B = Non-inter-level travel time spent in this place.
 C = Inter-level travel time spent in this place.
 D = Time resting spent in this place.
 E = Time spent auto-exploring this place.
 F = Levels seen in this place.
 G = Mean time per level.
                   A        B        C        D        E       F      G
               +--------+--------+--------+--------+--------+-----+--------+
         Total |   5629 |   5307 |    322 |    552 |   3913 |   8 |  703.6 |
       Dungeon |   5603 |   5306 |    297 |    552 |   3913 |   7 |  800.4 |
        Temple |     26 |      1 |     25 |      0 |      0 |   1 |   26.0 |
               +--------+--------+--------+--------+--------+-----+--------+

Top non-repeatable levels by time:
     D:6: 1534 daAuts
     D:5: 924 daAuts
     D:4: 879 daAuts
     D:2: 835 daAuts
     D:1: 807 daAuts
     D:3: 606 daAuts
  Temple: 26 daAuts
     D:7: 14 daAuts
